 Dungeon Crawl Stone Soup version 0.17-a0-777-g32247ce (webtiles) character file.

49 lorenzova the Caller (level 3, 0/24 HPs)
             Began as a Vampire Summoner on Apr 25, 2015.
             Slain by a giant gecko (3 damage)
             ... on level 2 of the Dungeon.
             The game lasted 00:08:45 (2792 turns).

lorenzova the Caller (Vampire Summoner)             Turns: 2792, Time: 00:08:45

Health: 0/24       AC:  2    Str:  8    XL:     3   Next: 51%
Magic:  6/7        EV: 13    Int: 17    God:
Gold:   35         SH:  0    Dex: 14    Spells: 1 memorised, 6 levels left

rFire  . . .     SeeInvis +     k - +0 dagger
rCold  . . .     Clarity  .     a - +0 robe
rNeg   + . .     SustAb   .     (no shield)
rPois  .         Gourm    .     (no helmet)
rElec  .         Spirit   .     (no cloak)
rCorr  .         Warding  .     (no gloves)
rMut   .         Stasis   .     (no boots)
MR     .....                    (no amulet)
Stlth  +++.......               (no ring)
                                (no ring)

@: not resistant to hostile enchantments, fairly stealthy
A: fangs 3, see invisible, unbreathing
a: Bat Form


You were on level 2 of the Dungeon.
You were not thirsty.

You visited 1 branch of the dungeon, and saw 2 of its levels.

You collected 35 gold pieces.

Inventory:

Hand weapons
 f - a +0 short sword
 k - a +0 dagger (weapon)
Armour
 a - a +0 robe (worn)
Scrolls
 d - a scroll of enchant weapon {unknown}
 e - 4 scrolls of identify {unknown}
 g - a scroll of magic mapping {unknown}
 i - a scroll of noise {unknown}
 j - a scroll of teleportation {unknown}
 m - a scroll of blinking {unknown}
Potions
 c - a potion of heal wounds {unknown}
 h - a potion of curing {unknown}
 l - 2 potions of lignification {unknown}
 n - a potion of poison {unknown}
Books
 b - a book of Callings

   Spells                             Type                      Level
   a - Summon Small Mammal            Summoning                    1
   b - Call Imp                       Summoning                    2
   c - Call Canine Familiar           Summoning                    3
   d - Summon Guardian Golem          Hexes/Summoning              3
   e - Summon Lightning Spire         Summoning/Air                4
   f - Summon Ice Beast               Ice/Summoning                4


   Skills:
 - Level 2.5 Dodging
 + Level 3.6 Stealth
 - Level 0.2 Unarmed Combat
 * Level 2.8 Spellcasting
 * Level 4.4 Summonings


You had 6 spell levels left.
You knew the following spells:

 Your Spells              Type           Power        Failure   Level  Hunger
a - Summon Small Mammal   Summ           ###.         2%          1    #......


Dungeon Overview and Level Annotations

Branches:
Dungeon (2/15)

Altars:
Elyvilon


Innate Abilities, Weirdness & Mutations

You have razor-sharp teeth.
You have supernaturally acute eyesight.
You can survive without breathing.


Message History

The giant gecko bites your quokka.
Your quokka dies!
Your quokka's corpse disappears in a puff of smoke!
There is a stone staircase leading down here.
You see here a short sword.
You see here 2 stones.
Casting: Summon Small Mammal
Confirm with . or Enter, or press ? or * to list all spells.
The giant gecko bites you.
* * * LOW HITPOINT WARNING * * *
You swap places.
The giant gecko bites your rat.
Your rat dies!
Your rat's corpse disappears in a puff of smoke!
The giant gecko closely misses you. The giant gecko bites you.
* * * LOW HITPOINT WARNING * * *
Casting: Summon Small Mammal
Confirm with . or Enter, or press ? or * to list all spells.
The giant gecko bites you.
You die...

#.#.# ..........#. #.#.# ####
..........#. #.#.# ..#
#..........#. #.#.# #.#
#..........#. #.#
#.#####....l.....#.
###.########....###########.#.
#...#...#........# #.#.
#...#.#.##.#.....######## #.†.
#...'.#.##.#.@lr........# ##..
#...###....#..#+#.#####.# #.>
##### ######.##...# #.#####)
#...#### #....(.. ###.#.#
######## #...# ###.##########
#........).####
##########.##..


You could see a giant gecko and a friendly rat.

Vanquished Creatures
  2 adders (D:2)
  A giant gecko (D:2)
  A ball python (D:1)
  2 giant cockroaches (D:1)
  3 goblins
  2 hobgoblins
  3 jackals (D:2)
  2 kobolds
  A bat (D:1)
  A giant newt (D:2)
  4 rats
22 creatures vanquished.

Vanquished Creatures (collateral kills)
  A gnoll (D:1)
  A worm (D:1)
  2 hobgoblins
  A kobold (D:1)
  A giant newt (D:2)
6 creatures vanquished.

Vanquished Creatures (others)
  2 quokkas (D:2)
  2 rats (D:2)
4 creatures vanquished.

Grand Total: 32 creatures vanquished

Notes
Turn   | Place    | Note
--------------------------------------------------------------
     0 | D:1      | lorenzova, the Vampire Summoner, began the quest for the Orb.
     0 | D:1      | Reached XP level 1. HP: 13/13 MP: 3/3
   418 | D:1      | Reached XP level 2. HP: 5/19 MP: 5/5
  1496 | D:2      | Found a white marble altar of Elyvilon.
  1526 | D:2      | Reached XP level 3. HP: 12/24 MP: 4/6
  2792 | D:2      | Slain by a giant gecko

Action                   || total
-------------------------++-------
Melee: Unarmed           ||    59
       Short sword       ||    10
       Dagger            ||    93
 Cast: Summon Small Mamm ||    14
 Abil: End Transformatio ||     1
       Bat Form          ||     1
  Use: Potion            ||     5
 Stab: Sleeping          ||     2
